 Dungeon Crawl Stone Soup version 0.29.1-1-gd02db6906a (webtiles) character file.

Game seed: 16125680991355825769

1005 GreyHunter the Grappler (level 8, -7/68 HPs)
             Began as a Ghoul Gladiator on Sept 19, 2022.
             Was an Initiate of Wu Jian.
             Mangled by a wight
             ... wielding a +3 great sword
              (22 damage)
             ... on level 6 of the Dungeon.
             The game lasted 00:39:19 (5669 turns).

GreyHunter the Grappler (Ghoul Gladiator)           Turns: 5669, Time: 00:39:20

Health: -7/68      AC:  8    Str: 18    XL:     8   Next: 20%
Magic:  7/7        EV: 12    Int:  3    God:    Wu Jian [......]
Gold:   216        SH:  0    Dex: 12    Spells: 7/7 levels left

rFire   + . .      SeeInvis .     - Unarmed
rCold   + . .      Faith    .   (no shield)
rNeg    + + +      Spirit   .   x - +3 leather armour {rF+}
rPois   ∞          Reflect  .   b - +0 helmet
rElec   .          Harm     .   (no cloak)
rCorr   .          Rampage  .   (no gloves)
Will    .....                   y - +0 pair of boots
Stlth   +.........              (no amulet)
HPRegen 0.00/turn               (no ring)
MPRegen 0.10/turn               (no ring)

@: inhibited regen
A: claws 1, cold resistance 1, negative energy resistance 3, inhibited
regeneration, torment resistance 2, devour on kill
a: Renounce Religion


You were on level 6 of the Dungeon.
You worshipped Wu Jian.
Wu Jian was noncommittal.
You visited 1 branch of the dungeon, and saw 6 of its levels.

You collected 216 gold pieces.

Inventory:

Hand Weapons
 t - a +4 spectral club
Missiles
 c - 3 throwing nets (quivered)
 d - a javelin
Armour
 a - a +0 leather armour
 b - a +0 helmet (worn)
 n - a +0 chain mail
 x - a +3 leather armour of fire resistance (worn)
 y - a +0 pair of boots (worn)
Wands
 w - a wand of acid (6)
Scrolls
 g - a scroll of enchant armour {unknown}
 i - a scroll of poison {unknown}
 k - 3 scrolls of teleportation
 m - 4 scrolls of fog
 p - 2 scrolls of amnesia {unknown}
 q - 2 scrolls of magic mapping
 r - a scroll of silence {unknown}
 s - a scroll of enchant weapon {unknown}
 A - a scroll of identify {unknown}
Potions
 e - a potion of ambrosia {unknown}
 f - 3 potions of curing
 h - a potion of brilliance {unknown}
 j - a potion of attraction
 l - a potion of might {unknown}
 o - 3 potions of lignification
 u - 2 potions of degeneration {unknown}
 v - a potion of cancellation {unknown}
 z - a potion of resistance {unknown}
 B - a potion of heal wounds {unknown}
 C - 2 potions of haste {unknown}


   Skills:
 - Level 5.0 Fighting
 - Level 1.8 Throwing
 - Level 1.3 Armour
 - Level 3.6 Dodging
 * Level 9.0 Unarmed Combat


You had 7 spell levels left.
You didn't know any spells.
Your spell library contained the following spells:

 Spells                   Type           Power      Damage    Failure   Level
 Magic Dart               Conj           0%         1d3       58%         1
 Call Imp                 Summ           0%         N/A       73%         2
 Ensorcelled Hibernation  Hex/Ice        0%         N/A       73%         2
 Mephitic Cloud           Conj/Pois/Air  0%         N/A       91%         3
 Anguish                  Hex/Necr       0%         N/A       100%        4
 Spider Form              Tmut/Pois      Unusable   N/A       N/A         3

Dungeon Overview and Level Annotations

Branches:
Dungeon (6/15)
 Temple: D:4-7

Altars:
Dithmenos
Fedhas
Kikubaaqudgha
Sif Muna
Trog
Wu Jian

Shops:
D:2 =   D:5 [


Innate Abilities, Weirdness & Mutations

You are immune to poison.
You have sharp fingernails.
Your flesh is cold resistant. (rC+)
You are immune to negative energy. (rN+++)
You do not regenerate when monsters are visible.
You are immune to unholy pain and torment.
You thrive by killing the living.


Message History

There is a stone staircase leading down here.
You climb downwards.
Found a stone staircase leading down.
There is a stone staircase leading up here.
Found a fuming amethyst potion.
Found 2 stones.
C - 2 fuming amethyst potions (gained 1)
You see here 2 stones.
An ufetubus comes into view.
The ufetubus shouts!
You lunge at the ufetubus.
You claw the ufetubus!
You kill the ufetubus!
The Council accepts your kill.
You open the door. 2 wights come into view.
You close the door.
You start waiting.
A wight is nearby!
You lunge at the wight.
You barely miss the wight.
The wight hits you with a +3 great sword!
You completely miss the wight. You scratch the wight.
The wight is moderately damaged.
The wight completely misses you.
You claw the wight!
The wight is severely damaged.
The wight hits you with a +3 great sword!
You barely miss the wight.
The wight is severely damaged.
The wight hits you with a +3 great sword!
You scratch the wight but do no damage.
The wight is severely damaged.
The wight hits you with a +3 great sword!
You barely miss the wight.
The wight is severely damaged.
The wight hits you with a +3 great sword!
* * * LOW HITPOINT WARNING * * *
The wight attacks as you move away!
The wight hits you with a +3 great sword!!
You die...

### ### #.# #.# #.###### #.# #
.......###############.#####.#
.........(......@zz...........
#..############.######.##.##.#
#....# #.# #........ #..#.####
#.# ####.##.#... #..#..... #+#
#........... #..#.....
#.##+##.#..# ......... # ... #
.# ...#####. #.... . #..#####.
#...#.


You could see 2 wights.

Vanquished Creatures
  A black bear (D:5)
  An ogre (D:4)
  2 phantoms (D:5)
  A kobold brigand (D:5)
  A scorpion (D:3)
  A howler monkey (D:5)
  A hound (D:5)
  An orc priest (D:4)
  Jessica (D:3)
  3 iguanas (D:4)
  Ijyb (D:3)
  Terence (D:3)
  2 orc wizards (D:4)
  Robin (D:3)
  8 adders
  3 gnolls (D:3)
  A shadow imp (D:5)
  3 ufetubi
  A worm (D:4)
  2 dart slugs
  10 orcs
  6 ball pythons
  8 endoplasms
  2 giant cockroaches (D:1)
  15 goblins
  9 hobgoblins
  3 jackals (D:1)
  2 quokkas
  6 bats
  2 frilled lizards
  22 kobolds
  A rat (D:2)
122 creatures vanquished.

Vanquished Creatures (others)
  2 plants (D:3)
2 creatures vanquished.

Grand Total: 124 creatures vanquished

Notes
Turn   | Place    | Note
-------+----------+-------------------------------------------
     0 | D:1      | GreyHunter the Ghoul Gladiator began the quest for the Orb.
     0 | D:1      | Reached XP level 1. HP: 17/17 MP: 0/0
   166 | D:1      | Reached XP level 2. HP: 18/25 MP: 1/1
   341 | D:1      | Reached XP level 3. HP: 22/30 MP: 2/2
   348 | D:1      | Reached skill level 4 in Unarmed Combat
   818 | D:2      | Found a faded altar of an unknown god.
   949 | D:2      | Found Leaclir's Jewellery Emporium.
   972 | D:2      | Reached XP level 4. HP: 38/38 MP: 3/3
  1240 | D:3      | Noticed Terence
  1428 | D:3      | Found an ancient bone altar of Kikubaaqudgha.
  1564 | D:3      | Noticed Jessica
  1572 | D:3      | Killed Jessica
  1573 | D:3      | Reached XP level 5. HP: 36/46 MP: 4/4
  1593 | D:3      | Noticed Robin
  1595 | D:3      | Reached skill level 5 in Unarmed Combat
  1637 | D:3      | Killed Robin
  1931 | D:3      | Noticed Ijyb
  1946 | D:3      | Killed Ijyb
  2118 | D:3      | Found a shadowy altar of Dithmenos.
  2186 | D:3      | Killed Terence
  2339 | D:3      | Found the +3 Elemental Staff {rElec rF++ rC++ AC+5}
  3090 | D:4      | Reached XP level 6. HP: 52/53 MP: 5/5
  3100 | D:4      | Reached skill level 1 in Armour
  3559 | D:4      | Reached skill level 5 in Fighting
  4040 | D:4      | Reached skill level 6 in Unarmed Combat
  4040 | D:4      | Reached XP level 7. HP: 54/61 MP: 6/6
  4396 | D:4      | Found an ornate altar of the Wu Jian Council.
  4574 | D:5      | Entered Level 5 of the Dungeon
  4580 | D:5      | Reached skill level 7 in Unarmed Combat
  4646 | D:4      | Became a worshipper of the Wu Jian Council
  4747 | D:5      | Reached skill level 8 in Unarmed Combat
  4999 | D:5      | Found Volearac's Armour Emporium.
  5035 | D:5      | Reached XP level 8. HP: 52/68 MP: 7/7
  5292 | D:5      | Reached skill level 9 in Unarmed Combat
  5340 | D:5      | Found a shimmering blue altar of Sif Muna.
  5342 | D:5      | Found a bloodstained altar of Trog.
  5343 | D:5      | Found a blossoming altar of Fedhas.
  5669 | D:6      | Mangled by a wight

Illustrated notes

Levels and vault maps discovered:
D:1:      spicycebolla_green_bress_n_ham_2, layout_basic, minmay_octomino_c4
D:2:      layout_rooms, dreamdust_ecumenical_altar_angels_and_demons,
          serial_shops, nicolae_shop_trees
D:3:      layout_loops_ring, nicolae_dithmenos_through_a_glass_darkly,
          general_overflow_altar, serial_forest, infiniplex_forest_end_2,
          infiniplex_forest_corner_1, infiniplex_forest_diagonal,
          infiniplex_forest_straight_3, infiniplex_forest_lined_2,
          infiniplex_forest_end_2, infiniplex_forest_clump_tiny,
          supply_closet_lemuel, uniq_ijyb, uniq_robin, uniq_jessica,
          uniq_terence
D:4:      layout_basic, nicolae_wu_jian_glorious_leap, kennysheep_generic_room_6
D:5:      cheibrodos_thug_alley, layout_loops_cross, minitemple, serial_shops,
          nicolae_square_shop
D:6:      layout_basic, mainiacjoe_overflow_chevrons,
          minmay_temple_entry_sparse_star, lightli_minifort, uniq_pikel

Skill      XL: |  1  2  3  4  5  6  7  8 |
---------------+-------------------------+-----
Fighting       | 3 4 5 |  5.0
Unarmed Combat | 4 5 6 8 9 |  9.0
Dodging        | 3 |  3.6
Armour         | 1 |  1.3
Throwing       | |  1.8

Action                   |  1- 3 |  4- 6 |  7- 9 || total
-------------------------+-------+-------+-------++-------
Melee: Unarmed           |   134 |   212 |   112 ||   458
       Punch             |     2 |     4 |     4 ||    10
Invok: Lunge             |       |       |     7 ||     7
  Use: Scroll            |     1 |     4 |       ||     5
       Potion            |       |     3 |       ||     3
Armor: Leather armour    |    24 |    38 |    42 ||   104
       Chain mail        |    40 |    46 |       ||    86
Dodge: Dodged            |    88 |    91 |    76 ||   255
